 Dungeon Crawl Stone Soup version 0.18.1-6-gd335043 (webtiles) character file.

28 lightmor the Ruffian (level 3, -2/31 HPs)
             Began as a Naga Transmuter on May 17, 2016.
             Killed from afar by dorian's ghost (17 damage)
             ... with a flame tongue
             ... on level 3 of the Dungeon.
             The game lasted 00:03:31 (2170 turns).

lightmor the Ruffian (Naga Transmuter)              Turns: 2170, Time: 00:03:33

Health: -2/31      AC:  5    Str: 12    XL:     3   Next: 14%
Magic:  2/6        EV: 10    Int: 14    God:
Gold:   115        SH:  0    Dex: 11    Spells: 2 memorised, 3 levels left

rFire  . . .     SeeInvis +       - Unarmed
rCold  . . .     Gourm    .     b - +0 robe
rNeg   . . .     Faith    .     (no shield)
rPois  +         Spirit   .     (no helmet)
rElec  .         Dismiss  .     f - +0 cloak
rCorr  .         Reflect  .     (no gloves)
SustAt +         Harm     .     (no barding)
MR     .....                    (no amulet)
Stlth  ++........               n - +2 ring of protection
                                i - ring of sustain attributes

@: short of breath, very slow, not resistant to hostile enchantments, unstealthy
A: see invisible, deformed body, poison resistance, slowness 2, slow metabolism
1, spit poison 2, AC +1
a: Spit Poison


You were on level 3 of the Dungeon.
You were not hungry.

You visited 1 branch of the dungeon, and saw 3 of its levels.

You collected 115 gold pieces.

Inventory:

Missiles
 a - 10 arrows
Armour
 b - a +0 robe (worn)
 f - a +0 cloak (worn)
Jewellery
 i - a ring of sustain attributes (left hand)
 n - a +2 ring of protection (right hand)
Scrolls
 g - a scroll of immolation
 h - a scroll of remove curse
 o - a scroll of enchant weapon {unknown}
 s - a scroll of recharging {unknown}
 t - a scroll of noise {unknown}
Potions
 e - a potion of ambrosia
 l - 2 potions of heal wounds
 p - a potion of flight
 q - a potion of lignification
 u - a potion of magic {unknown}
Books
 c - a book of Changes

   Spells                             Type                      Level
   a - Beastly Appendage              Transmutation                1
   b - Sticks to Snakes               Transmutation                2
   c - Spider Form                    Transmutation/Poison         3
   d - Ice Form                       Ice/Transmutation            4
   e - Blade Hands                    Transmutation                5
Comestibles
 d - 3 bread rations
 k - a slice of pizza
 m - a beef jerky


   Skills:
 - Level 1.0 Fighting
 - Level 1.5 Dodging
 + Level 2.5 Stealth
 * Level 3.7 Unarmed Combat
 - Level 2.0 Spellcasting
 - Level 2.0 Transmutations


You had 3 spell levels left.
You knew the following spells:

 Your Spells              Type           Power        Failure   Level  Hunger
a - Beastly Appendage     Trmt           #.....       12%         1    ##.....
b - Sticks to Snakes      Trmt           #.......     17%         2    ###....


Dungeon Overview and Level Annotations

Branches:
Dungeon (3/15)

Altars:

Annotations:
D:3 dorian's ghost, amateur OpFE


Innate Abilities, Weirdness & Mutations

You cannot wear boots.
Your serpentine skin is tough (AC +1).
You have supernaturally acute eyesight.
Armour fits poorly on your strangely shaped body.
Your system is resistant to poisons.
You cover ground very slowly.
You have a slow metabolism.
You can spit poison.


Message History

Dorian's ghost stares at you and mumbles some strange words.
The flame tongue hits you!
Read which item? (? for menu, Esc to quit)
As you read the scroll labeled COAGOCKIUNG, it crumbles to dust.
It is a scroll of amnesia.
Forget which spell ([?*] list [ESC] exit)?
Forget which spell ([?*] list [ESC] exit)?
Okay, then.
Unknown command.
Cast which spell? (? or * to list)
You create a snake!
You now have 11 arrows.
Dorian's ghost stares at you and mumbles some strange words.
The flame tongue misses you.
Casting: Sticks to Snakes
Confirm with . or Enter, or press ? or * to list all spells.
You create a snake!
You now have 10 arrows.
Dorian's ghost casts a spell at you. The flame tongue hits you!
Ouch! That really hurt!
You die...

#..# # #..## #
#... #
#.#####.# #
#.......###.#
#####
##.##.#...#.#
#.... #.
#.###.#.#
#....
#####S#W#
#.#.# #....
.......@#
#.#.# #....
#####...#
#.#.# #....
#.S.# #.#.#
#.... #.#.#
#.#'#### #....
#.#..
#......###....
#.#r.
#......'......
#.#..
#......###....
#...#...)..#
#.... #......#
#....


You could see dorian's ghost, a rat (sleeping) and 2 friendly ball pythons.

Vanquished Creatures
  A worm (D:2)
  A dart slug (D:1)
  A giant gecko (D:2)
  2 bats
  2 giant cockroaches
  6 hobgoblins
  2 goblins (D:2)
  3 kobolds
  2 rats (D:2)
20 creatures vanquished.

Notes
Turn   | Place    | Note
--------------------------------------------------------------
     0 | D:1      | lightmor the Naga Transmuter began the quest for the Orb.
     0 | D:1      | Reached XP level 1. HP: 18/18 MP: 3/3
   195 | D:1      | Reached skill level 1 in Stealth
   442 | D:1      | Reached XP level 2. HP: 12/25 MP: 5/5
   607 | D:1      | Learned a level 2 spell: Sticks to Snakes
  1484 | D:2      | Reached XP level 3. HP: 28/31 MP: 6/6
  2163 | D:3      | Noticed dorian's ghost (amateur OpFE)
  2170 | D:3      | Killed from afar by dorian's ghost

Skill      XL: |  1  2 |
---------------+-------+-----
Stealth        | 1 2 |  2.5
Fighting       | |  1.0
Dodging        | |  1.5
Unarmed Combat | |  3.7
Spellcasting   | |  2.0
Transmutations | |  2.0

Action                   || total
-------------------------++-------
Melee: Unarmed           ||    74
       Punch             ||     1
 Cast: Sticks to Snakes  ||     2
 Abil: Spit Poison       ||    17
  Use: Scroll            ||     7
 Stab: Sleeping          ||     2
  Eat: Chunk             ||     4
Armor: Robe              ||    22
Dodge: Dodged            ||    35
